 Dungeon Crawl Stone Soup version 0.30-b1-2-g02819fbbbe (webtiles) character file.

Game seed: 2673314954967941606

2745 Fartwhistle the Vexing (level 9, -17/68 HPs)
             Began as a Gnoll Hexslinger on Sept 9, 2023.
             Was an Initiate of Gozag.
             Demolished by an orc warrior
             ... wielding a +0 battleaxe
              (19 damage)
             ... on level 7 of the Dungeon.
             The game lasted 00:24:47 (6710 turns).

Fartwhistle the Vexing (Gnoll Hexslinger)           Turns: 6710, Time: 00:24:49

Health: -17/68     AC:  6    Str: 12    XL:     9   Next: 68%
Magic:  17/17      EV: 19    Int: 13    God:    Gozag
Gold:   439        SH:  5    Dex: 14    Spells: 12/19 levels left

rFire   x . .        M - +0 rapier (flame)
rCold   + . .        j - +0 buckler
rNeg    . . .        e - +2 leather armour {rPois}
rPois   +            D - +0 helmet
rElec   .            (no cloak)
rCorr   .            (no gloves)
SInv    .            (no boots)
Will    .....        u - amulet of regeneration
Stlth   +++          y - +5 ring of evasion
HPRegen 1.11/turn    B - ring of ice
MPRegen 0.15/turn

%: no passive effects
@: no status effects
A: fangs 1, strong nose, distributed training
a: Renounce Religion, Potion Petition, Call Merchant, Bribe Branch


You were on level 7 of the Dungeon.
You worshipped Gozag.
Gozag was aware of your devotion.
You visited 2 branches of the dungeon, and saw 8 of its levels.

You collected 567 gold pieces.
You paid 128 gold pieces to Gozag.

Inventory:

Hand Weapons
 a - a +1 sling of draining
 C - a +0 dagger of speed
 M - a +0 rapier of flaming (weapon)
Missiles
 k - 16 boomerangs
 r - 2 curare-tipped darts
 z - 5 boomerangs of dispersal
 F - 2 poisoned darts
Armour
 c - a +2 robe of positive energy
 e - a +2 leather armour of poison resistance (worn)
 j - a +0 buckler (worn)
 D - a +0 helmet (worn)
Jewellery
 h - a +6 ring of strength
 i - a +5 ring of evasion
 u - an amulet of regeneration (around neck)
 x - a ring of poison resistance
 y - a +5 ring of evasion (left hand)
 B - a ring of ice (right hand)
 G - a +6 ring of intelligence
Wands
 w - a wand of light (4)
 E - a wand of paralysis (8)
 K - a wand of flame (49)
Scrolls
 b - 2 scrolls of poison
 d - 4 scrolls of teleportation
 l - a scroll of magic mapping
 m - 2 scrolls of immolation
 o - 4 scrolls of vulnerability {unknown}
 s - a scroll of torment {unknown}
 t - a scroll of noise {unknown}
 v - a scroll of enchant weapon
 H - a scroll of enchant armour
 I - a scroll of blinking
Potions
 f - 5 potions of lignification
 g - a potion of might
 n - 4 potions of curing
 p - a potion of haste
 q - 2 potions of resistance
 A - 2 potions of flight
 J - a potion of cancellation
 L - 2 potions of heal wounds


   Skills:
 + Level 5.4 Fighting
 + Level 4.6 Short Blades
 + Level 4.6 Long Blades
 + Level 4.6 Axes
 + Level 4.6 Maces & Flails
 + Level 4.6 Polearms
 + Level 4.6 Staves
 + Level 6.6 Ranged Weapons
 + Level 4.6 Throwing
 + Level 4.6 Armour
 + Level 6.6 Dodging
 + Level 4.6 Stealth
 + Level 4.6 Shields
 + Level 4.6 Unarmed Combat
 + Level 5.5 Spellcasting
 + Level 3.8 Conjurations
 + Level 6.7 Hexes
 + Level 3.8 Summonings
 + Level 3.8 Necromancy
 + Level 3.8 Translocations
 + Level 3.8 Transmutations
 + Level 3.8 Fire Magic
 + Level 3.8 Ice Magic
 + Level 3.8 Air Magic
 + Level 3.8 Earth Magic
 + Level 3.8 Poison Magic
 + Level 5.1 Invocations
 + Level 4.6 Evocations


You had 12 spell levels left.
You knew the following spells:

 Your Spells              Type           Power      Damage    Failure   Level
a - Slow                  Hex            84%        N/A       1%          1
b - Ensorcelled Hibernat  Hex/Ice        52%        N/A       5%          2
c - Cause Fear            Hex            10%        N/A       19%         4

Your spell library contained the following spells:

 Spells                   Type           Power      Damage    Failure   Level
 Inner Flame              Hex/Fire       17%        N/A       11%         3
 Portal Projectile        Hex/Tloc       34%        N/A       11%         3
 Spider Form              Tmut/Pois      13%        N/A       19%         3
 Anguish                  Hex/Necr       8%         N/A       34%         4


Dungeon Overview and Level Annotations

Branches:
Dungeon (7/15)             Temple (1/1) D:6

Altars:
Cheibriados
Dithmenos
Fedhas
Gozag
Hepliaklqana
Kikubaaqudgha
Makhleb
Nemelex Xobeh
Okawaru
Qazlal
Ru
Sif Muna
Trog
Uskayaw
Vehumet
Wu Jian
Xom
Yredelemnul
Zin
The Shining One

Annotations:
D:3 exclusion: 2 downstairs


Innate Abilities, Weirdness & Mutations

You have very sharp teeth.
Your uncanny sense of smell can sniff out nearby items.
Your experience applies equally to all skills.


Message History

You bite the orc warrior, but do no damage.
The orc warrior is severely wounded.
The orc completely misses you. The orc warrior closely misses you.
You hit the orc warrior but do no damage.
The orc warrior is severely wounded.
The orc closely misses you. The orc warrior completely misses you.
You hit the orc warrior. You burn the orc warrior.
The orc warrior is almost dead.
The orc closely misses you.
The orc warrior hits you with a +0 battleaxe!!
* * * LOW HITPOINT WARNING * * *
You hit the orc warrior but do no damage.
The orc warrior is almost dead.
The orc barely misses you. You block the orc warrior's attack.
You hit the orc warrior but do no damage.
The orc warrior is almost dead.
The orc barely misses you. The orc warrior completely misses you.
You hit the orc warrior but do no damage.
You bite the orc warrior, but do no damage.
The orc warrior is almost dead.
The orc closely misses you. The orc warrior barely misses you.
You hit the orc warrior but do no damage.
The orc warrior is almost dead.
The orc hits you from afar with a +0 trident.
* * * LOW HITPOINT WARNING * * *
The orc warrior hits you with a +0 battleaxe!
* * * LOW HITPOINT WARNING * * *
You hit the orc warrior but do no damage.
The orc warrior is almost dead.
The orc barely misses you. The orc warrior barely misses you.
You hit the orc warrior but do no damage.
The orc warrior is almost dead.
You block the orc's attack. The orc warrior misses you.
You barely miss the orc warrior.
The orc warrior is almost dead.
The orc hits you from afar with a +0 trident.
* * * LOW HITPOINT WARNING * * *
The orc warrior hits you with a +0 battleaxe!!
You die...
Your body crumbles into a pile of gold.

.########.........
.$..$.............
.#####[...........
##.............
#......########
###.#....####
........o...#
###.####o#.### #.
#@#...# .
#)#.#.######## .
#)#...........
#)#.#.######## ∆
#.#.#.# #.#.#.#
#########.#.#.#
#...........#.######
#.#######.....<......


You could see an orc warrior and an orc.

Vanquished Creatures
  Sigmund (D:5)
  Eustachio (D:4)
  Menkaure (D:5)
  Duvessa (D:4)
  A black bear (D:5)
  2 ice beasts
  2 ogres (D:6)
  A centaur (D:6)
  A phantom (D:5)
  A bullfrog (D:7)
  4 scorpions
  Dowan (D:4)
  A howler monkey (D:6)
  5 orc priests
  7 hounds
  A jelly (D:4)
  A gnoll bouda (D:3)
  4 sleepcaps
  Ijyb (D:4)
  Terence (D:3)
  7 orc wizards
  5 iguanas
  Natasha (thrice) (D:4)
  Robin (D:3)
  6 gnolls
  8 adders
  2 white imps (D:6)
  2 dart slugs (D:3)
  25 orcs
  5 ball pythons
  4 bats
  5 endoplasms
  3 giant cockroaches
  11 hobgoblins
  8 jackals
  9 kobolds
  7 quokkas
  2 frilled lizards
  11 goblins
  14 rats
176 creatures vanquished.

Vanquished Creatures (others)
  A hound (D:6)
1 creature vanquished.

Grand Total: 177 creatures vanquished

Notes
Turn   | Place    | Note
-------+----------+-------------------------------------------
     0 | D:1      | Fartwhistle the Gnoll Hexslinger began the quest for the
                  | Orb.
     0 | D:1      | Reached XP level 1. HP: 17/17 MP: 4/4
   127 | D:1      | Reached XP level 2. HP: 23/23 MP: 5/5
   249 | D:1      | Reached XP level 3. HP: 28/28 MP: 7/7
   513 | D:2      | Reached skill level 1 in Invocations
   873 | D:2      | Learned a level 2 spell: Ensorcelled Hibernation
  1083 | D:2      | Reached skill level 1 in Short Blades
  1083 | D:2      | Reached skill level 1 in Long Blades
  1083 | D:2      | Reached skill level 1 in Axes
  1083 | D:2      | Reached skill level 1 in Maces & Flails
  1083 | D:2      | Reached skill level 1 in Polearms
  1083 | D:2      | Reached skill level 1 in Staves
  1083 | D:2      | Reached skill level 1 in Throwing
  1083 | D:2      | Reached skill level 1 in Armour
  1083 | D:2      | Reached skill level 1 in Stealth
  1083 | D:2      | Reached skill level 1 in Shields
  1083 | D:2      | Reached skill level 1 in Unarmed Combat
  1083 | D:2      | Reached skill level 1 in Evocations
  1142 | D:3      | Noticed Robin
  1160 | D:3      | Reached XP level 4. HP: 13/34 MP: 8/8
  1416 | D:3      | Noticed Terence
  1429 | D:3      | Killed Terence
  1430 | D:3      | Reached skill level 1 in Conjurations
  1430 | D:3      | Reached skill level 1 in Summonings
  1430 | D:3      | Reached skill level 1 in Necromancy
  1430 | D:3      | Reached skill level 1 in Translocations
  1430 | D:3      | Reached skill level 1 in Transmutations
  1430 | D:3      | Reached skill level 1 in Fire Magic
  1430 | D:3      | Reached skill level 1 in Ice Magic
  1430 | D:3      | Reached skill level 1 in Air Magic
  1430 | D:3      | Reached skill level 1 in Earth Magic
  1430 | D:3      | Reached skill level 1 in Poison Magic
  1706 | D:3      | Reached XP level 5. HP: 33/40 MP: 9/9
  1729 | D:3      | Killed Robin
  2149 | D:3      | Reached XP level 6. HP: 34/47 MP: 7/11
  2253 | D:3      | Found a faded altar of an unknown god.
  2510 | D:4      | Noticed Duvessa
  2510 | D:4      | Noticed Dowan
  2707 | D:3      | Reached skill level 5 in Ranged Weapons
  2707 | D:3      | Reached skill level 5 in Dodging
  2966 | D:4      | Found an ornate altar of the Wu Jian Council.
  3010 | D:4      | Found a glowing golden altar of the Shining One.
  3058 | D:4      | Noticed Ijyb
  3153 | D:4      | Killed Ijyb
  3319 | D:4      | Reached XP level 7. HP: 52/52 MP: 12/12
  3454 | D:4      | Noticed Natasha
  3483 | D:4      | Killed Natasha
  3608 | D:4      | Noticed Natasha
  3615 | D:4      | Killed Natasha
  3635 | D:4      | Noticed Eustachio
  3645 | D:4      | Noticed Natasha
  3928 | D:4      | Killed Duvessa
  3948 | D:5      | Entered Level 5 of the Dungeon
  4203 | D:5      | Found a snail-covered altar of Cheibriados.
  4204 | D:5      | Noticed Sigmund
  4212 | D:5      | Noticed Menkaure
  4232 | D:6      | Reached XP level 8. HP: 60/60 MP: 14/14
  4617 | D:4      | Killed Natasha
  4659 | D:4      | Killed Eustachio
  4760 | D:4      | Learned a level 4 spell: Cause Fear
  4937 | D:4      | Killed Dowan
  5062 | D:6      | Reached XP level 9. HP: 29/66 MP: 16/16
  5072 | D:6      | Reached skill level 5 in Spellcasting
  5259 | D:6      | Reached skill level 5 in Fighting
  5283 | D:6      | Found a staircase to the Ecumenical Temple.
  5370 | Temple   | Entered the Ecumenical Temple
  5571 | Temple   | Became a worshipper of Gozag Ym Sagoz the Greedy
  6043 | D:5      | Killed Menkaure
  6241 | D:5      | Found a burning altar of Makhleb.
  6269 | D:5      | Killed Sigmund
  6270 | D:5      | Reached skill level 5 in Invocations
  6710 | D:7      | HP: 2/68 [orc/+0 trident (5)]
  6710 | D:7      | Demolished by an orc warrior

Illustrated notes

Levels and vault maps discovered:
D:1:      dpeg_arrival_ratfight, layout_rooms
D:2:      layout_loops_ring
D:3:      layout_loops_ring, hellmonk_ecumenical_altar_inner_sanctum,
          minmay_vboxes, uniq_terence, uniq_robin
D:4:      layout_cave_pods, nzn_wu_jian_contemplation, tso_metal_star,
          serial_column_ruins, column_ruins_square_medium,
          column_ruins_courtyard_long, column_ruins_grid_1, column_ruins_grid_3,
          column_ruins_open_small, column_ruins_columns_corner,
          column_ruins_corridor_corner, uniq_duvessa, uniq_natasha,
          uniq_eustachio, uniq_ijyb
D:5:      layout_cave_pools, mainiacjoe_overflow_tiny_flanked, kennysheep_mini,
          minmay_between, uniq_sigmund, uniq_menkaure
D:6:      layout_basic, minmay_temple_entry_fiery, kennysheep_nub,
          nrook_loot_triangle
D:7:      layout_basic, serial_park_tiny_2
Temple:   eino_temple_scatter_basement

Skill      XL: |  1  2  3  4  5  6  7  8  9 |
---------------+----------------------------+-----
Invocations    | 1 2 3 4 5 |  5.1
Short Blades   | 1 2 3 4 |  4.6
Long Blades    | 1 2 3 4 |  4.6
Axes           | 1 2 3 4 |  4.6
Maces & Flails | 1 2 3 4 |  4.6
Polearms       | 1 2 3 4 |  4.6
Staves         | 1 2 3 4 |  4.6
Throwing       | 1 2 3 4 |  4.6
Armour         | 1 2 3 4 |  4.6
Stealth        | 1 2 3 4 |  4.6
Shields        | 1 2 3 4 |  4.6
Unarmed Combat | 1 2 3 4 |  4.6
Evocations     | 1 2 3 4 |  4.6
Spellcasting   | 3 4 5 |  5.5
Conjurations   | 1 2 3 |  3.8
Summonings     | 1 2 3 |  3.8
Necromancy     | 1 2 3 |  3.8
Translocations | 1 2 3 |  3.8
Transmutations | 1 2 3 |  3.8
Fire Magic     | 1 2 3 |  3.8
Ice Magic      | 1 2 3 |  3.8
Air Magic      | 1 2 3 |  3.8
Earth Magic    | 1 2 3 |  3.8
Poison Magic   | 1 2 3 |  3.8
Fighting       | 3 4 5 |  5.4
Ranged Weapons | 5 6 |  6.6
Dodging        | 5 6 |  6.6
Hexes          | 6 |  6.7

Action                     |  1- 3 |  4- 6 |  7- 9 || total
---------------------------+-------+-------+-------++-------
  Melee: Sling             |       |     1 |       ||     1
         Dagger            |       |   123 |    30 ||   153
         Bite              |       |    20 |    13 ||    33
         Rapier            |       |       |    68 ||    68
   Fire: Sling             |   147 |   247 |   449 ||   843
  Throw: Dart              |       |     2 |     4 ||     6
         Boomerang         |       |     2 |     2 ||     4
   Cast: Ensorcelled Hiber |       |     8 |     4 ||    12
         Slow              |       |     7 |     3 ||    10
  Evoke: Wand              |       |       |     6 ||     6
    Use: Potion            |       |     1 |     1 ||     2
         Scroll            |       |       |    17 ||    17
   Stab: Sleeping          |       |     2 |       ||     2
         Invisible         |       |       |     1 ||     1
 Armour: Robe              |    10 |    11 |    24 ||    45
         Leather armour    |       |       |    17 ||    17
  Dodge: Dodged            |    37 |   196 |   406 ||   639
  Block: Buckler           |       |    30 |   113 ||   143
